 Dungeon Crawl Stone Soup version 0.30-a0-339-g89bb51ec76 (webtiles) character file.

Game seed: 10731581800658182686

355460 billz999 the Marksgnoll (level 22, 0/227 (231) HPs)
             Began as a Gnoll Hunter on Oct 31, 2022.
             Was the Champion of Kikubaaqudgha.
             Slain by Grunn
             ... wielding a +9 bardiche of draining
              (26 damage)
             ... on level 2 of the Depths.
             The game lasted 03:22:38 (60541 turns).

billz999 the Marksgnoll (Gnoll Hunter)             Turns: 60541, Time: 03:22:39

HP:   0/227 (231)   AC: 28    Str: 11    XL:     22   Next: 32%
MP:   13/41         EV: 30    Int: 17    God:    Kikubaaqudgha [******]
Gold: 3564          SH:  0    Dex: 30    Spells: 8/52 levels left

rFire   . . .      SeeInvis .    g - +5 triple crossbow (vorpal)
rCold   . . .      Faith    .    (shield currently unavailable)
rNeg    + . .      Spirit   .    (body armour currently unavailable)
rPois   ∞          Reflect  .    R - +0 helmet
rElec   +          Harm     .    (no cloak)
rCorr   .          Rampage  .    (gloves currently unavailable)
Will    +....                    (boots currently unavailable)
Stlth   +++++++...               C - amulet of magic regeneration
HPRegen 0.57/turn                T - +6 ring of intelligence
MPRegen 0.67/turn                N - +6 ring of dexterity

@: statue-form, very slightly contaminated, studying 2 skills, lightly drained,
very slow
A: slow and powerful, torment resistance 1, boosted hp, fangs 1, strong nose,
distributed training
}: 2/15 runes: decaying, gossamer
a: End Transformation, Renounce Religion, Unearth Wretches, Torment


You were on level 2 of the Depths.
You worshipped Kikubaaqudgha.
Kikubaaqudgha was exalted by your worship.
You were a living statue of rough stone.
You visited 8 branches of the dungeon, and saw 37 of its levels.
You visited the Abyss 1 time.
You also visited: Ice Cave.

You collected 4487 gold pieces.
You spent 923 gold pieces at shops.

Inventory:

Hand Weapons
 a - a +9 shortbow of pain
 g - a +5 vorpal triple crossbow (weapon)
Missiles
 t - 2 throwing nets
Armour
 O - the +3 leather armour "Zubeorph" (melded) {rPois rF+ rN+ Int+2}
   (You found it on level 2 of the Lair of Beasts)

   Int:       It affects your intelligence (+2).
   rF:        It protects you from fire.
   rPois:     It protects you from poison.
   rN:        It protects you from negative energy.
 R - a +0 helmet (worn)
 U - a +0 pair of gloves (melded)
 Z - a +0 pair of boots (melded)
Magical Staves
 b - a staff of earth
 i - a staff of death
 r - a staff of poison
Jewellery
 m - the ring of Kyof {Fire rElec rPois Int+4}
   (You found it on level 3 of the Dungeon)

   [ring of fire]

   It enhances your fire magic.
   Int:       It affects your intelligence (+4).
   rF:        It protects you from fire.
   rC:        It makes you vulnerable to cold.
   rElec:     It insulates you from electricity.
   rPois:     It protects you from poison.
 C - an amulet of magic regeneration (around neck)
 K - a ring of protection from cold
 L - a ring of protection from fire
 N - a +6 ring of dexterity (right fist)
 S - a +6 ring of intelligence
 T - a +6 ring of intelligence (left fist)
 X - a ring of see invisible
 Y - an amulet of the acrobat
Wands
 k - a wand of polymorph (4)
 l - a wand of iceblast (11)
 n - a wand of digging (1)
 o - a wand of mindburst (12)
 E - a wand of paralysis (72)
 I - a wand of flame (11)
 M - a wand of acid (6)
Scrolls
 d - 4 scrolls of amnesia
 e - 6 scrolls of vulnerability
 f - 13 scrolls of teleportation
 h - 4 scrolls of poison
 j - a scroll of fear
 q - 2 scrolls of fog
 s - 10 scrolls of enchant armour
 F - 2 scrolls of brand weapon
 G - 4 scrolls of immolation
 H - 2 scrolls of silence
 W - 24 scrolls of identify
Potions
 c - 14 potions of ambrosia
 p - 6 potions of attraction
 u - 3 potions of curing
 v - 6 potions of berserk rage
 w - 9 potions of lignification {unknown}
 x - 5 potions of brilliance {unknown}
 z - 5 potions of mutation {unknown}
 A - 3 potions of haste
 D - 8 potions of might
 J - 2 potions of degeneration {unknown}
 P - 4 potions of flight {unknown}
 Q - 5 potions of cancellation {unknown}
 V - 4 potions of resistance
Miscellaneous
 y - a condenser vane (inert)
 B - a phantom mirror


   Skills:
 + Level 16.1 Fighting
 + Level 15.5 Short Blades
 + Level 15.5 Long Blades
 + Level 15.5 Axes
 + Level 15.5 Maces & Flails
 + Level 15.5 Polearms
 + Level 15.5 Staves
 + Level 17.4 Ranged Weapons
 + Level 15.5 Throwing
 + Level 15.5 Armour
 + Level 16.1 Dodging
 + Level 15.6 Stealth
 + Level 16.8 Shields
 + Level 15.5 Unarmed Combat
 + Level 15.5 Spellcasting
 + Level 13.1 Conjurations
 + Level 13.1 Hexes
 + Level 13.1 Summonings
 + Level 13.1 Necromancy
 + Level 13.1 Translocations
 + Level 13.1 Transmutations
 + Level 13.1 Fire Magic
 + Level 16.4 Ice Magic
 + Level 13.1 Air Magic
 + Level 13.1 Earth Magic
 + Level 13.1 Poison Magic
 + Level 16.8 Invocations
 + Level 15.5 Evocations


You had 8 spell levels left.
You knew the following spells:

 Your Spells              Type           Power      Damage    Failure   Level
a - Stone Arrow           Conj/Erth      100%       3d13      1%          3
b - Summon Mana Viper     Hex/Summ       55%        N/A       1%          5
c - Freezing Cloud        Conj/Ice/Air   28%        6-21      1%          5
d - Borgnjor's Vile Clut  Necr/Erth      27%        N/A       1%          5
e - Lee's Rapid Deconstr  Erth           27%        3d15*     1%          5
f - Statue Form           Tmut/Erth      36%        N/A       3%          6
g - Summon Lightning Spi  Summ/Air       55%        N/A       1%          4
h - Dispel Undead         Necr           55%        3d20      1%          4
i - Malign Gateway        Summ/Tloc      27%        N/A       19%         7

Your spell library contained the following spells:

 Spells                   Type           Power      Damage    Failure   Level
 Freeze                   Ice            100%       1d10      0%          1
 Necrotise                Necr           100%       1d9       1%          1
 Sandblast                Erth           100%       2d20      1%          1
 Cigotuvi's Dreadful Rot  Necr/Pois/Air  100%       N/A       1%          2
 Passwall                 Tmut/Erth      45%        N/A       1%          2
 Sublimation of Blood     Necr           55%        N/A       1%          2
 Dazzling Flash           Conj/Hex       100%       N/A       1%          3
 Frozen Ramparts          Ice            100%       1d16      1%          3
 Gell's Gravitas          Tloc           55%        N/A       1%          3
 Hailstorm                Conj/Ice       59%        3d13      1%          3
 Ignite Poison            Fire/Tmut/Pois 55%        N/A       1%          3
 Inner Flame              Hex/Fire       55%        N/A       1%          3
 Kindle Blastsparks       Fire/Tloc/Air  100%       2d18      1%          3
 Lesser Beckoning         Tloc           100%       N/A       1%          3
 Summon Guardian Golem    Hex/Summ       55%        N/A       1%          3
 Teleport Other           Tloc           55%        N/A       1%          3
 Tukima's Dance           Hex            55%        N/A       1%          3
 Vampiric Draining        Necr           55%        2d9       1%          3
 Anguish                  Hex/Necr       27%        N/A       1%          4
 Animate Dead             Necr           55%        N/A       1%          4
 Cause Fear               Hex            27%        N/A       1%          4
 Flame Wave               Conj/Fire      55%        2d13      1%          4
 Leda's Liquefaction      Hex/Erth       27%        N/A       1%          4
 Petrify                  Tmut/Erth      55%        N/A       1%          4
 Sticky Flame             Conj/Fire      55%        2d7       1%          4
 Summon Ice Beast         Ice/Summ       59%        N/A       1%          4
 Agony                    Necr           55%        N/A       1%          5
 Blade Hands              Tmut           27%        N/A       1%          5
 Irradiate                Conj/Tmut      27%        3d20      1%          5
 Metabolic Englaciation   Hex/Ice        29%        N/A       1%          5
 Silence                  Hex/Air        27%        N/A       1%          5
 Summon Forest            Summ/Tloc      27%        N/A       1%          5
 Yara's Violent Unravell  Hex/Tmut       27%        3d12      1%          5
 Simulacrum               Ice/Necr       29%        N/A       1%          6
 Death Channel            Necr           27%        N/A       3%          6
 Eringya's Noxious Bog    Tmut/Pois      27%        N/A       3%          6
 Summon Cactus Giant      Summ           27%        N/A       3%          6
 Dragon Form              Tmut           27%        N/A       19%         7
 Enfeeble                 Hex            27%        N/A       19%         7
 Haunt                    Necr/Summ      27%        N/A       19%         7
 Monstrous Menagerie      Summ           27%        N/A       19%         7
 Summon Hydra             Summ           27%        N/A       19%         7
 Discord                  Hex            27%        N/A       82%         8
 Ignition                 Fire           27%        3d9       82%         8
 Infestation              Necr           27%        N/A       82%         8
 Summon Horrible Things   Summ           27%        N/A       82%         8


Dungeon Overview and Level Annotations

Branches:
Dungeon (15/15)            Temple (1/1) D:5            Lair (5/5) D:9
  Swamp (4/4) Lair:3       Spider (4/4) Lair:2        Slime (0/5) Lair:5
    Orc (2/2) D:12            Elf (0/3) Orc:2        Vaults (4/5) D:14
  Crypt (0/3) Vaults:3     Depths (2/4) D:15          IceCv (visited)

Altars:
Ashenzari
Dithmenos
Elyvilon
Gozag
Kikubaaqudgha
Makhleb
Okawaru
Qazlal
Ru
Sif Muna
Trog
Vehumet
Wu Jian
Xom
Yredelemnul
Zin
The Shining One
Jiyva

Shops:
D:2 [   Orc:2 [[?:

Portals:
Pandemonium: Depths:2

Annotations:
D:3 1 runed translucent door
D:5 exclusion: statue
D:7 1 runed translucent door, Crazy Yiuf
D:13 8 runed translucent doors
D:15 3 runed translucent doors, Muataran's ghost, adept MiFi
Swamp:2 2 transporters, Keebowock's ghost, adept SpEn
Vaults:1 2 transporters, jlumianski's ghost, adept DsFi
Depths:2 Grunn


Innate Abilities, Weirdness & Mutations

You are a living statue of rough stone.
Your actions are slow, but your melee attacks are powerful.
You are resistant to unholy torment.
Your maximum health is greatly increased.
You are immune to poison.
Your equipment is partially melded.
You have very sharp teeth.
Your uncanny sense of smell can sniff out nearby items.
Your experience applies equally to all skills.


Message History

Your body is wracked with pain!
* * * LOW HITPOINT WARNING * * *
The doom hound is engulfed in blazing flames.
You kill the doom hound!
Kikubaaqudgha accepts your kill.
The putrid mouth is engulfed in blazing flames.
Grunn is engulfed in blazing flames.
The doom hound closely misses you. x2
The tormentor calls on the powers of darkness!
Kikubaaqudgha shields you from torment!
You feel a surge of unholy energy.
A tengu conjurer comes into view. It is wielding a +0 lajatang.
The Tzitzimitl is engulfed in blazing flames.
The putrid mouth is engulfed in blazing flames.
You destroy the putrid mouth!
Kikubaaqudgha accepts your kill.
Grunn is engulfed in blazing flames.
Grunn completely misses you.
Okay, then.
Okay, then.
The infernal howling subsides.
The zombie hands constrict the tormentor!!
You kill the tormentor!
Kikubaaqudgha accepts your kill.
Your eldritch tentacle barely misses the Tzitzimitl.
Your eldritch tentacle claws the Tzitzimitl!!
Your eldritch tentacle shocks the Tzitzimitl!
The Tzitzimitl resists.
The doom hound misses you. The doom hound barely misses you.
Grunn is engulfed in blazing flames.
The Tzitzimitl is engulfed in blazing flames.
Casting: Borgnjor's Vile Clutch (mildly dangerous; 1% risk of failure)
Confirm with . or Enter, or press ? or * to list all spells.
Aiming: Borgnjor's Vile Clutch (mildly dangerous; 1% risk of failure)
Press: ? - help, Shift-Dir - straight line, f - doom hound
Aim: a doom hound (heavily wounded, 100% to hit)
You miscast Borgnjor's Vile Clutch.
You are very lightly contaminated with residual magic.
Nothing appears to happen.
The doom hound completely misses you. x2
Grunn is engulfed in blazing flames.
Grunn hits you from afar with a +9 bardiche of draining!!
You die...
Kikubaaqudgha rasps: "You have failed me!
Welcome... oblivion!"

... #............... #'##
###....§°§........
...#∆#......○§§§[......
...# #......§§§........
...+ #.....§§§§§.......
#....#w§§§§W.....#
##..../..§1g......#
∆#...../..§##h######
####....*....###8#
..........§..# ##.#
#....#....>..### #.#
..........>..<.## #.##
................###..###
............>..........##
).......................#
........................#
..#.#.#.#.#.............#


You could see Grunn, a doom hound, a Tzitzimitl (ally target) and a friendly
eldritch tentacle.

Vanquished Creatures
  Mara (Swamp:4)
  Frederick (Vaults:4)
  Bai Suzhen (Spider:4)
  Nikola (Swamp:2)
  Arachne (Spider:3)
  2 tentacled monstrosities
  A doom hound (Depths:2)
  A titan (Depths:2)
  A tentacled starspawn (Abyss:2)
  A tengu reaver (Depths:2)
  A sphinx (Vaults:1)
  2 shadow dragons (Depths:2)
  Kirke (Spider:4)
  Agnes (D:15)
  A fenstrider witch (Swamp:4)
  Roxanne (Spider:4)
  7 vault wardens
  4 fire giants (Depths:2)
  An emperor scorpion (Spider:4)
  A balrug (Abyss:2)
  7 frost giants
  Aizul (Swamp:4)
  4 ghost moths (Spider:4)
  Louise (Spider:2)
  An orc warlord (Vaults:1)
  20 very ugly things
  3 broodmothers (Spider:4)
  A reaper (IceCv)
  2 war gargoyles (Vaults:4)
  12 ironbound preservers
  6 ironbound thunderhulks
  5 stone giants
  2 eleionomae (Swamp:3)
  Nessos (D:12)
  A putrid mouth (Depths:2)
  Azrael (D:14)
  6 bunyips
  A yellow draconian (Abyss:2)
  6 dire elephants
  A deep elf death mage (Vaults:4)
  6 spark wasps
  3 crystal guardians (Vaults:4)
  4 ettins
  The ghost of kairosrom117 the Arsonist, a journeyman DrFE of Vehumet (D:13)
  4 fire dragons
  5 entropy weavers
  7 yaktaur captains
  3 peacekeepers (Vaults:4)
  6 rakshasas
  4 vault guards
  10 hydras
  Erolcha (Orc:2)
  A ghost crab (Swamp:3)
  5 jorogumos
  3 great orbs of eyes
  2 spriggan air magi (Depths:2)
  8 boulder beetles
  10 ironbound frosthearts
  An ogre mage (Orc:2)
  5 centaur warriors
  A radroach (shapeshifter) (Depths:1)
  A catoblepas (D:13)
  4 radroaches
  4 deep troll shamans
  3 ice dragons (Depths:2)
  2 dancing weapons (D:14)
  10 alligators
  4 death yaks
  4 tengu warriors
  7 deep troll earth magi
  2 thrashing horrors (Abyss:2)
  8 two-headed ogres
  2 spriggan berserkers (Depths:2)
  8 spriggans
  2 sun demons (Abyss:2)
  A sun moth (Spider:3)
  Sonja (Lair:4)
  A fire crab (Swamp:4)
  10 skeletal warriors
  7 iron trolls
  5 pharaoh ants
  A spriggan druid (Swamp:4)
  3 bog bodies
  2 steelbarb worms (Spider:1)
  2 glowing orange brains
  37 deep trolls
  A swamp dragon (shapeshifter) (Depths:2)
  13 swamp dragons
  10 ironbound convokers
  5 wizards
  11 orb spiders
  7 orc knights
  An orange crystal statue (Depths:2)
  6 large abominations (Abyss:2)
  19 lindwurms
  7 orc sorcerers
  A necromancer (D:15)
  23 ugly things
  34 wolf spiders
  6 manticores
  2 will-o-the-wisps
  A worldbinder (Abyss:2)
  5 cyclopes
  2 moths of wrath (Spider:4)
  5 elephants
  2 centaur zombies (D:15)
  5 black mambas
  A naga mage (D:15)
  2 ice statues (IceCv)
  An apocalypse crab (Abyss:2)
  A guardian serpent (Lair:5)
  10 vault sentinels
  3 smoke demons
  4 torpor snails
  8 cane toads
  An orange demon (Abyss:2)
  Maggie (D:6)
  A centaur skeleton (D:15)
  An unseen horror (D:13)
  6 demonic crawlers
  2 efreet
  4 rime drakes
  A freezing wraith (IceCv)
  11 komodo dragons
  A kobold demonologist (D:12)
  4 ice devils (IceCv)
  2 tengu conjurers
  22 yaktaurs
  A tormentor (Depths:2)
  9 trolls
  8 meliai (Spider:4)
  3 nameless horrors
  2 ancient zymes (Abyss:2)
  9 tyrant leeches
  5 bloated husks
  A queen bee (D:10)
  20 tarantellas
  4 blink frogs (Lair:1)
  8 hornets
  15 slime creatures
  7 dream sheep
  27 jumping spiders
  A centaur simulacrum (D:14)
  22 culicivoras
  3 vampires
  2 hogs (Spider:4)
  A shadow (D:7)
  4 wraiths
  6 basilisks
  9 wyverns
  2 fire bats (Swamp:4)
  2 ynoxinuls (Abyss:2)
  5 fire elementals (D:14)
  21 yaks
  3 death yak simulacra (IceCv)
  3 steam dragons
  58 redbacks
  A chaos spawn (Depths:2)
  A neqoxec (Abyss:2)
  5 small abominations (Abyss:2)
  16 swamp worms
  2 wargs
  9 vampire mosquitoes
  18 water moccasins
  3 hell hounds (D:14)
  5 acid dragons
  11 swamp drakes
  A floating eye (Depths:2)
  18 orc warriors
  A hydra simulacrum (IceCv)
  4 ice beasts
  2 sky beasts
  2 black bears
  7 centaurs
  4 ogres
  8 boggarts
  5 wolves
  4 kobold brigands
  Blork the orc (D:5)
  7 bullfrogs
  3 gnoll sergeants
  2 scorpions (D:6)
  A two-headed ogre simulacrum (IceCv)
  5 wights
  21 killer bees
  2 electric eels (Lair:4)
  A howler monkey (D:8)
  7 jellies
  A gnoll bouda (D:4)
  10 orc priests
  4 hounds
  2 iguanas (Lair:5)
  20 orc wizards
  A polar bear simulacrum (IceCv)
  2 spriggan simulacra (IceCv)
  A troll simulacrum (IceCv)
  A wolf simulacrum (IceCv)
  26 gnolls
  6 adders
  3 naga simulacra (IceCv)
  A shadow imp (Abyss:2)
  6 white imps
  4 ufetubi
  A worm (D:4)
  3 dart slugs
  49 orcs
  6 endoplasms
  A giant cockroach (D:3)
  6 goblins
  8 hobgoblins
  6 jackals (D:1)
  22 kobolds
  6 quokkas
  9 ball pythons
  6 bats
  3 frilled lizards
  4 rats
  A bush (Lair:5)
1244 creatures vanquished.

Vanquished Creatures (collateral kills)
  A Tzitzimitl (Depths:2)
  Asterion (Spider:4)
  A tengu reaver (Depths:2)
  A fenstrider witch (Swamp:2)
  2 emperor scorpions
  2 frost giants
  A war gargoyle (Vaults:4)
  3 very ugly things
  2 broodmothers
  2 stone giants (Depths:2)
  A vampire knight (Depths:2)
  A minotaur (Lair:3)
  A fire dragon (Depths:2)
  A crystal guardian (Vaults:3)
  3 vault guards (Vaults:4)
  A great orb of eyes (Vaults:2)
  A yaktaur captain (Vaults:1)
  An ice dragon (Depths:2)
  Erica (D:11)
  A peacekeeper (Vaults:3)
  A hydra (Lair:3)
  A ghost crab (Swamp:3)
  An ironbound frostheart (Vaults:2)
  2 boulder beetles
  A two-headed ogre (D:8)
  A centaur warrior (D:13)
  A deep troll earth mage (Depths:2)
  An alligator (Swamp:3)
  2 death yaks
  2 sun demons
  4 iron trolls
  A pharaoh ant (Spider:4)
  A sun moth (Spider:4)
  2 goliath frogs
  4 deep trolls
  A swamp dragon (Swamp:4)
  3 bog bodies
  A spriggan druid (Swamp:4)
  3 wizards
  2 orb spiders
  2 lindwurms
  2 deep elf pyromancers
  7 wolf spiders
  A will-o-the-wisp (Swamp:2)
  5 ugly things
  2 orc sorcerers (Orc:2)
  A cyclops (D:13)
  A rust devil (Depths:2)
  5 elephants (Lair:4)
  4 black mambas (Lair:5)
  Maurice (D:12)
  3 torpor snails
  A cane toad (Lair:5)
  An unseen horror (D:13)
  2 komodo dragons (Lair:4)
  3 rime drakes
  A tormentor (Depths:2)
  A demonic crawler (Spider:4)
  A freezing wraith (D:15)
  A yaktaur (Vaults:3)
  A harpy zombie (D:15)
  3 ice devils (IceCv)
  6 slime creatures
  A blink frog (Lair:1)
  A tarantella (Spider:4)
  4 hornets
  4 dream sheep
  7 culicivoras
  12 jumping spiders
  3 spriggans (Swamp:1)
  A wraith (D:14)
  11 wyverns
  2 yaks
  A basilisk (Lair:2)
  A fire bat (Swamp:4)
  A steam dragon (D:9)
  13 redbacks
  2 hogs (Spider:4)
  5 swamp worms
  2 vampire mosquitoes
  An acid dragon (Lair:5)
  A swamp drake (Swamp:4)
  An ice beast (D:9)
  4 orc warriors
  5 wolves
  A bullfrog (Lair:1)
  A kobold brigand (D:9)
  A gnoll sergeant (D:9)
  A two-headed ogre simulacrum (IceCv)
  5 killer bees (D:10)
  4 orc priests
  An iguana (Lair:5)
  13 orc wizards
  A wolf simulacrum (IceCv)
  4 gnolls
  A naga simulacrum (IceCv)
  An ufetubus (IceCv)
  7 orcs
  4 kobolds (D:9)
246 creatures vanquished.

Vanquished Creatures (others)
  5 eldritch tentacles (Depths:2)
  A swamp dragon (Swamp:4)
  A demonic crawler (Spider:4)
  A tengu conjurer (D:14)
  A human (Spider:4)
  A swamp worm (Swamp:2)
  4 swamp drakes (Swamp:4)
  An orc wizard (Orc:2)
  2 bushes
  16 foxfires
  31 fungi
  90 plants
  2 starspawn tentacles (Abyss:2)
156 creatures vanquished.

Grand Total: 1646 creatures vanquished

Notes
Turn   | Place    | Note
-------+----------+-------------------------------------------
     0 | D:1      | billz999 the Gnoll Hunter began the quest for the Orb.
     0 | D:1      | Reached XP level 1. HP: 20/20 MP: 1/1
   128 | D:1      | Reached XP level 2. HP: 26/26 MP: 2/2
   135 | D:1      | Found a faded altar of an unknown god.
   382 | D:1      | Reached XP level 3. HP: 30/31 MP: 3/3
   823 | D:2      | Reached skill level 1 in Invocations
  1013 | D:2      | Reached skill level 1 in Short Blades
  1013 | D:2      | Reached skill level 1 in Long Blades
  1013 | D:2      | Reached skill level 1 in Axes
  1013 | D:2      | Reached skill level 1 in Maces & Flails
  1013 | D:2      | Reached skill level 1 in Polearms
  1013 | D:2      | Reached skill level 1 in Staves
  1013 | D:2      | Reached skill level 1 in Throwing
  1013 | D:2      | Reached skill level 1 in Armour
  1013 | D:2      | Reached skill level 1 in Shields
  1013 | D:2      | Reached skill level 1 in Unarmed Combat
  1013 | D:2      | Reached skill level 1 in Spellcasting
  1013 | D:2      | Reached skill level 1 in Evocations
  1330 | D:2      | Found Jeme's Armour Boutique.
  1460 | D:3      | Reached XP level 4. HP: 38/38 MP: 5/5
  1674 | D:3      | Identified the ring of Kyof {Fire rElec rPois Int+4}
  1724 | D:3      | Reached skill level 1 in Conjurations
  1724 | D:3      | Reached skill level 1 in Hexes
  1724 | D:3      | Reached skill level 1 in Summonings
  1724 | D:3      | Reached skill level 1 in Necromancy
  1724 | D:3      | Reached skill level 1 in Translocations
  1724 | D:3      | Reached skill level 1 in Transmutations
  1724 | D:3      | Reached skill level 1 in Fire Magic
  1724 | D:3      | Reached skill level 1 in Ice Magic
  1724 | D:3      | Reached skill level 1 in Air Magic
  1724 | D:3      | Reached skill level 1 in Earth Magic
  1724 | D:3      | Reached skill level 1 in Poison Magic
  1764 | D:3      | Found a runed translucent door.
  1764 | D:3      | Noticed a human
  1773 | D:3      | Found a basalt altar of Yredelemnul.
  1883 | D:3      | Reached XP level 5. HP: 3/43 MP: 5/7
  2412 | D:4      | Noticed an ogre
  2418 | D:4      | Killed an ogre
  2419 | D:4      | Reached skill level 5 in Fighting
  2419 | D:4      | Reached skill level 5 in Dodging
  2419 | D:4      | Reached XP level 6. HP: 41/51 MP: 7/9
  2595 | D:4      | Noticed a black bear
  2624 | D:5      | Entered Level 5 of the Dungeon
  2646 | D:5      | Found a staircase to the Ecumenical Temple.
  2658 | Temple   | Entered the Ecumenical Temple
  2691 | Temple   | Became a worshipper of Kikubaaqudgha
  2845 | D:5      | You fall into a shaft and drop 1 floor!
  2894 | D:6      | Reached XP level 7. HP: 56/56 MP: 10/10
  3118 | D:6      | Found a stormy altar of Qazlal.
  3133 | D:6      | Reached skill level 9 in Ranged Weapons
  3491 | D:6      | Noticed Maggie
  3513 | D:6      | Found a sacrificial altar of Ru.
  3925 | D:5      | Found a radiant altar of Vehumet.
  3931 | D:5      | Noticed Blork the orc
  3938 | D:5      | Killed Blork the orc
  3939 | D:5      | Reached XP level 8. HP: 45/63 MP: 12/12
  4319 | D:5      | Learned a level 3 spell: Stone Arrow
  4400 | D:6      | Killed Maggie
  4869 | D:7      | Found a broken altar of Ashenzari.
  4887 | D:7      | Reached * piety under Kikubaaqudgha
  4887 | D:7      | Received a gift from Kikubaaqudgha
  4902 | D:7      | Reached XP level 9. HP: 69/69 MP: 14/14
  4920 | D:7      | Found an opulent altar of Gozag.
  5053 | D:7      | Found a runed translucent door.
  5054 | D:7      | Noticed Crazy Yiuf
  5112 | D:7      | Noticed a manticore
  5116 | D:7      | Killed a manticore
  5117 | D:7      | Noticed a cyclops
  5119 | D:7      | Noticed a manticore
  5215 | D:7      | Found a white marble altar of Elyvilon.
  5227 | D:7      | Reached skill level 5 in Stealth
  5396 | D:7      | Noticed a brown ugly thing
  5406 | D:7      | Killed a brown ugly thing
  5407 | D:7      | Reached skill level 5 in Invocations
  5523 | D:7      | Killed a manticore
  5640 | D:7      | Killed a cyclops
  5641 | D:7      | Reached skill level 5 in Short Blades
  5641 | D:7      | Reached skill level 5 in Long Blades
  5641 | D:7      | Reached skill level 5 in Axes
  5641 | D:7      | Reached skill level 5 in Maces & Flails
  5641 | D:7      | Reached skill level 5 in Polearms
  5641 | D:7      | Reached skill level 5 in Staves
  5641 | D:7      | Reached skill level 10 in Ranged Weapons
  5641 | D:7      | Reached skill level 5 in Throwing
  5641 | D:7      | Reached skill level 5 in Armour
  5641 | D:7      | Reached skill level 5 in Shields
  5641 | D:7      | Reached skill level 5 in Unarmed Combat
  5641 | D:7      | Reached skill level 5 in Spellcasting
  5641 | D:7      | Reached skill level 5 in Evocations
  5641 | D:7      | Reached XP level 10. HP: 49/77 MP: 4/17
  6239 | D:7      | Noticed a manticore
  6401 | D:7      | Killed a manticore
  6528 | D:7      | Learned a level 5 spell: Summon Mana Viper
  6627 | D:7      | Noticed a boulder beetle
  6834 | D:8      | Noticed a two-headed ogre
  6842 | D:8      | Killed a two-headed ogre
  6965 | D:8      | Noticed a two-headed ogre
  6973 | D:8      | Killed a two-headed ogre
  7007 | D:8      | Reached ** piety under Kikubaaqudgha
  7144 | D:8      | Identified the +1 chain mail of Perfidy {Rampage rF- rN+}
  7571 | D:8      | Noticed a two-headed ogre
  7577 | D:8      | Killed a two-headed ogre
  7578 | D:8      | Reached skill level 5 in Conjurations
  7578 | D:8      | Reached skill level 5 in Hexes
  7578 | D:8      | Reached skill level 5 in Summonings
  7578 | D:8      | Reached skill level 5 in Necromancy
  7578 | D:8      | Reached skill level 5 in Translocations
  7578 | D:8      | Reached skill level 5 in Transmutations
  7578 | D:8      | Reached skill level 5 in Fire Magic
  7578 | D:8      | Reached skill level 5 in Ice Magic
  7578 | D:8      | Reached skill level 5 in Air Magic
  7578 | D:8      | Reached skill level 5 in Earth Magic
  7578 | D:8      | Reached skill level 5 in Poison Magic
  7578 | D:8      | Reached XP level 11. HP: 74/85 MP: 6/20
  7697 | D:8      | Noticed a four-headed hydra
  8172 | D:8      | Noticed a boulder beetle
  8205 | D:8      | Killed a boulder beetle
  8459 | D:8      | Learned a level 5 spell: Freezing Cloud
  8530 | D:8      | Noticed a two-headed ogre
  8545 | D:8      | Killed a two-headed ogre
  8557 | D:8      | Noticed a two-headed ogre
  8983 | D:8      | Killed a two-headed ogre
  9000 | D:8      | Noticed a deep elf pyromancer
  9009 | D:8      | Identified the amulet of Hejuzoux {Reflect Regen+ SH+5}
  9166 | D:9      | Found a shimmering altar of Xom.
  9588 | D:9      | Reached *** piety under Kikubaaqudgha
  9588 | D:9      | Received a gift from Kikubaaqudgha
  9595 | D:9      | Learned a level 5 spell: Borgnjor's Vile Clutch
  9877 | D:9      | Found a staircase to the Lair.
 10087 | Lair:1   | Entered Level 1 of the Lair of Beasts
 10543 | Lair:1   | Reached skill level 11 in Ranged Weapons
 11697 | Lair:1   | Reached XP level 12. HP: 94/94 MP: 16/22
 12117 | Lair:2   | Noticed a death yak
 12117 | Lair:2   | Noticed a death yak
 12117 | Lair:2   | Noticed a death yak
 12118 | Lair:2   | Noticed a death yak
 12132 | Lair:2   | Noticed a death yak
 12167 | Lair:1   | Killed a death yak
 12813 | Lair:2   | Found a hole to the Spider Nest.
 12936 | Lair:2   | Identified the +3 leather armour "Zubeorph" {rPois rF+ rN+
                  | Int+2}
 13777 | Lair:2   | Killed a death yak
 13777 | Lair:2   | Killed a death yak
 13779 | Lair:2   | Killed a death yak
 14177 | Lair:2   | Killed a death yak
 14302 | Lair:3   | Noticed an eight-headed hydra
 14302 | Lair:3   | Noticed an eight-headed hydra
 14720 | Lair:3   | Found a runed translucent door.
 14798 | Lair:3   | Killed an eight-headed hydra
 15088 | Lair:3   | Killed an eight-headed hydra
 15424 | Lair:3   | Found a staircase to the Swamp.
 15714 | Lair:3   | Reached **** piety under Kikubaaqudgha
 16013 | Lair:3   | Noticed a minotaur
 16019 | Lair:3   | Killed a minotaur
 16639 | Lair:4   | Reached XP level 13. HP: 101/101 MP: 7/25
 17523 | Lair:4   | Noticed Sonja
 17536 | Lair:4   | Killed Sonja
 17708 | Lair:4   | Learned a level 5 spell: Lee's Rapid Deconstruction
 18109 | Lair:5   | Entered Level 5 of the Lair of Beasts
 18109 | Lair:5   | Found a viscous altar of Jiyva.
 18109 | Lair:5   | Found a staircase to the Slime Pits.
 18134 | Lair:5   | Reached skill level 12 in Ranged Weapons
 19042 | Lair:5   | Upgraded the game from 0.30-a0-335-ge5acde7520 to
                  | 0.30-a0-339-g89bb51ec76
 19349 | Lair:5   | Reached skill level 10 in Fighting
 19349 | Lair:5   | Reached skill level 10 in Dodging
 19357 | Lair:5   | Reached ***** piety under Kikubaaqudgha
 20143 | Lair:5   | Reached XP level 14. HP: 37/110 MP: 2/27
 20262 | Lair:4   | Learned a level 6 spell: Statue Form
 20383 | Lair:5   | Reached skill level 10 in Invocations
 22296 | D:10     | Entered Level 10 of the Dungeon
 22924 | D:10     | Identified the +0 scale mail "Miklown" {rElec rPois Dex-4}
 23049 | D:10     | Found an ornate altar of the Wu Jian Council.
 23308 | D:10     | Reached ****** piety under Kikubaaqudgha
 23951 | D:11     | Reached skill level 10 in Stealth
 24176 | D:11     | Noticed Erica
 24194 | D:11     | Killed Erica
 24345 | D:11     | Found a frozen archway.
 24354 | IceCv    | Entered an ice cave
 25447 | IceCv    | Noticed a reaper
 25454 | IceCv    | Killed a reaper
 26540 | D:12     | Noticed Nessos
 26803 | D:12     | Reached skill level 10 in Short Blades
 26803 | D:12     | Reached skill level 10 in Long Blades
 26803 | D:12     | Reached skill level 10 in Axes
 26803 | D:12     | Reached skill level 10 in Maces & Flails
 26803 | D:12     | Reached skill level 10 in Polearms
 26803 | D:12     | Reached skill level 10 in Staves
 26803 | D:12     | Reached skill level 10 in Throwing
 26803 | D:12     | Reached skill level 10 in Armour
 26803 | D:12     | Reached skill level 10 in Shields
 26803 | D:12     | Reached skill level 10 in Unarmed Combat
 26803 | D:12     | Reached skill level 10 in Spellcasting
 26803 | D:12     | Reached skill level 10 in Evocations
 27066 | D:12     | Reached skill level 13 in Ranged Weapons
 27070 | D:12     | Killed Nessos
 27190 | D:12     | Reached XP level 15. HP: 118/118 MP: 23/29
 27307 | D:12     | Found a staircase to the Orcish Mines.
 27604 | D:12     | Noticed Maurice
 27614 | D:12     | Killed Maurice
 27764 | Orc:1    | Entered Level 1 of the Orcish Mines
 28190 | Orc:1    | You fall into a shaft and drop 1 floor!
 28190 | Orc:2    | Entered Level 2 of the Orcish Mines
 28190 | Orc:2    | Found Nalair's Antique Armour Shoppe.
 28259 | Orc:2    | Bought a faintly glowing ring mail for 207 gold pieces
 28259 | Orc:2    | Identified the +0 ring mail of Mezcal {+Inv Str+3} (You
                  | bought it in a shop on level 2 of the Orcish Mines)
 28414 | Orc:2    | Found an ancient bone altar of Kikubaaqudgha.
 28464 | Orc:2    | Found Odenapto's Antique Armour Emporium.
 28472 | Orc:2    | Noticed Erolcha
 28477 | Orc:2    | Killed Erolcha
 28570 | Orc:2    | Bought a warped leather armour for 140 gold pieces
 28570 | Orc:2    | Identified the +5 leather armour of Areuhaes {*Corrode +Inv
                  | Str+6} (You bought it in a shop on level 2 of the Orcish
                  | Mines)
 28574 | Orc:2    | Found a radiant altar of Vehumet.
 28626 | Orc:2    | Found Omut's Magic Scroll Emporium.
 28659 | Orc:2    | Found Iruydwue's Book Shoppe.
 28662 | Orc:2    | Bought a scroll of teleportation for 36 gold pieces
 28671 | Orc:2    | Bought the Omnibus of the Supportive Volcanoes for 540 gold
                  | pieces
 28680 | Orc:2    | Learned a level 4 spell: Summon Lightning Spire
 28902 | Orc:2    | Found a staircase to the Elven Halls.
 29702 | D:13     | Found a large runed translucent door.
 29703 | D:13     | Found a large runed translucent door.
 29704 | D:13     | Found a large runed translucent door.
 29899 | D:13     | Found a large runed translucent door.
 29900 | D:13     | Found a large runed translucent door.
 29900 | D:13     | Found a large runed translucent door.
 29904 | D:13     | Found a large runed translucent door.
 29904 | D:13     | Found a large runed translucent door.
 30164 | D:13     | Identified the +4 ring mail of Altruism {-Cast rC+++ rCorr
                  | Dex+5}
 30634 | D:13     | Noticed a fire giant
 30694 | D:13     | Found a runed translucent door.
 30694 | D:13     | Noticed kairosrom117's ghost (journeyman DrFE)
 30823 | D:13     | Identified a scroll of acquirement
 30825 | D:13     | Acquired a +6 ring of dexterity
 31203 | D:14     | Noticed Azrael
 31212 | D:14     | Killed Azrael
 32179 | D:14     | Found a gate to the Vaults.
 32476 | D:15     | Entered Level 15 of the Dungeon
 32696 | D:15     | Reached XP level 16. HP: 100/127 MP: 1/30
 32698 | D:15     | Reached skill level 10 in Ice Magic
 32974 | D:15     | Noticed Agnes
 32984 | D:15     | Killed Agnes
 33160 | D:15     | Found an opulent altar of Gozag.
 33528 | D:15     | Found a staircase to the Depths.
 33818 | D:15     | Found a runed translucent gate.
 33819 | D:15     | Found a runed translucent gate.
 33819 | D:15     | Found an ancient bone altar of Kikubaaqudgha.
 33820 | D:15     | Found a runed translucent gate.
 33820 | D:15     | Noticed a lich
 33821 | D:15     | Noticed Muataran's ghost (adept MiFi)
 33821 | D:15     | Noticed a lich
 33821 | D:15     | Noticed a lich
 33822 | D:15     | Noticed a lich
 34182 | D:13     | Learned a level 4 spell: Dispel Undead
 34187 | D:13     | Killed kairosrom117's ghost
 34282 | D:13     | Identified a +9 shortbow of pain (a +8 shortbow bloodied by
                  | Kikubaaqudgha)
 34282 | D:13     | Received a gift from Kikubaaqudgha
 34444 | Swamp:1  | Entered Level 1 of the Swamp
 35861 | Swamp:2  | Found a transporter.
 35865 | Swamp:2  | Noticed Keebowock's ghost (adept SpEn)
 35901 | Swamp:2  | Found a transporter.
 35940 | Swamp:2  | Noticed a fenstrider witch
 35950 | Swamp:2  | Killed a fenstrider witch
 36126 | Swamp:2  | Reached skill level 14 in Ranged Weapons
 36489 | Swamp:2  | Noticed Nikola
 36502 | Swamp:2  | Killed Nikola
 37432 | Swamp:3  | Noticed a tentacled monstrosity
 37442 | Swamp:3  | Killed a tentacled monstrosity
 38339 | Spider:1 | Entered Level 1 of the Spider Nest
 38705 | Spider:1 | Reached XP level 17. HP: 135/135 MP: 22/32
 39316 | Spider:1 | Reached skill level 10 in Conjurations
 39316 | Spider:1 | Reached skill level 10 in Hexes
 39316 | Spider:1 | Reached skill level 10 in Summonings
 39316 | Spider:1 | Reached skill level 10 in Necromancy
 39316 | Spider:1 | Reached skill level 10 in Translocations
 39316 | Spider:1 | Reached skill level 10 in Transmutations
 39316 | Spider:1 | Reached skill level 10 in Fire Magic
 39316 | Spider:1 | Reached skill level 10 in Air Magic
 39316 | Spider:1 | Reached skill level 10 in Earth Magic
 39316 | Spider:1 | Reached skill level 10 in Poison Magic
 39966 | Spider:2 | Noticed Louise
 40006 | Spider:2 | Killed Louise
 40601 | Spider:2 | Got the Tome of Hexes and the Boulder
 41762 | Spider:3 | Noticed Arachne
 41773 | Spider:3 | Killed Arachne
 41935 | Spider:4 | Entered Level 4 of the Spider Nest
 41959 | Spider:4 | Noticed Roxanne
 41965 | Spider:4 | Killed Roxanne
 42235 | Spider:4 | Noticed Asterion
 42245 | Spider:4 | Killed Asterion
 42752 | Spider:4 | Noticed Bai Suzhen
 42795 | Spider:4 | Reached XP level 18. HP: 117/143 MP: 2/34
 42811 | Spider:4 | Killed Bai Suzhen
 43274 | Spider:4 | Reached skill level 15 in Ranged Weapons
 43708 | Spider:4 | Identified the ring "Baoqeraj" {Fly rCorr}
 44030 | Spider:4 | Noticed Kirke
 44766 | Spider:4 | Killed Kirke
 45063 | Spider:3 | HP: 3/144 [emperor scorpion (6)]
 46281 | Spider:4 | Got a gossamer rune of Zot
 46636 | Swamp:4  | Entered Level 4 of the Swamp
 47423 | Swamp:4  | Reached XP level 19. HP: 139/151 MP: 29/36
 47615 | Swamp:4  | Noticed Aizul
 47625 | Swamp:4  | Killed Aizul
 47686 | Swamp:4  | Found a basalt altar of Yredelemnul.
 47708 | Swamp:4  | Noticed Mara
 47719 | Swamp:4  | Noticed billz999's illusion
 48034 | Swamp:4  | Identified the +1 plate armour "Ojurewa" {rC+++ Regen+
                  | Dex-4}
 48333 | Swamp:4  | Killed Mara
 48493 | Swamp:4  | Got a decaying rune of Zot
 48699 | Vaults:1 | Entered Level 1 of the Vaults
 49828 | Vaults:1 | Noticed jlumianski's ghost (adept DsFi)
 49829 | Vaults:1 | Found a transporter.
 49844 | Vaults:1 | Found a transporter.
 50857 | Vaults:2 | Reached skill level 15 in Invocations
 50869 | Vaults:2 | Reached skill level 16 in Ranged Weapons
 51330 | Vaults:2 | Reached XP level 20. HP: 160/160 MP: 30/37
 52869 | Abyss:2  | Cast into level 2 of the Abyss (a wizard)
 53303 | Abyss:2  | Noticed an ancient lich
 53331 | Vaults:3 | Escaped the Abyss
 53657 | Vaults:3 | Reached skill level 15 in Fighting
 53657 | Vaults:3 | Reached skill level 15 in Dodging
 54070 | Vaults:3 | Reached skill level 15 in Ice Magic
 54288 | Vaults:3 | You fall into a shaft and drop 1 floor!
 54318 | Vaults:4 | Reached skill level 15 in Shields
 55508 | Vaults:4 | Reached XP level 21. HP: 168/168 MP: 14/39
 55511 | Vaults:4 | Noticed Frederick
 55579 | Vaults:4 | Killed Frederick
 55649 | Vaults:4 | Identified the ring "Luzouwkeng" {rPois rF+ Str-5 Int+6
                  | SInv}
 55851 | Vaults:4 | Identified the +2 chain mail "Detteof" {-Tele Rampage rPois
                  | Str+6}
 56709 | Vaults:4 | Reached skill level 15 in Stealth
 57061 | Vaults:3 | Found a staircase to the Crypt.
 57061 | Vaults:3 | Found a basalt altar of Yredelemnul.
 57062 | Vaults:3 | Found an ancient bone altar of Kikubaaqudgha.
 57399 | Depths:1 | Entered Level 1 of the Depths
 58001 | Depths:1 | Learned a level 7 spell: Malign Gateway
 58033 | Depths:1 | Found a shimmering blue altar of Sif Muna.
 58081 | Depths:1 | Reached skill level 15 in Short Blades
 58081 | Depths:1 | Reached skill level 15 in Long Blades
 58081 | Depths:1 | Reached skill level 15 in Axes
 58081 | Depths:1 | Reached skill level 15 in Maces & Flails
 58081 | Depths:1 | Reached skill level 15 in Polearms
 58081 | Depths:1 | Reached skill level 15 in Staves
 58081 | Depths:1 | Reached skill level 15 in Throwing
 58081 | Depths:1 | Reached skill level 15 in Armour
 58081 | Depths:1 | Reached skill level 15 in Unarmed Combat
 58081 | Depths:1 | Reached skill level 15 in Spellcasting
 58081 | Depths:1 | Reached skill level 15 in Evocations
 58275 | Depths:1 | You fall into a shaft and drop 1 floor!
 58293 | Depths:2 | Reached skill level 17 in Ranged Weapons
 59352 | Depths:2 | Reached XP level 22. HP: 157/177 MP: 36/41
 60215 | Depths:2 | Found a one-way gate leading to the halls of Pandemonium.
 60525 | Depths:2 | Noticed Grunn
 60541 | Depths:2 | Slain by Grunn

Illustrated notes

Levels and vault maps discovered:
D:1:      ebering_trefoil_twist, layout_loops_ring,
          hellmonk_ecumenical_altar_dog_temple
D:2:      layout_basic, serial_shops, nicolae_lakefront_shop
D:3:      layout_basic, dk_yredelemnul_ordeal
D:4:      cheibrodos_pilgrimage, layout_loops_ring
D:5:      layout_basic, vehumet_statue, minmay_temple_entry_stoned_glass,
          nicolae_ossuary_entry_monument, chequers_serial_rivers_micro_a,
          uniq_blork_the_orc
D:6:      layout_loops_cross, lemuel_crystal_altar,
          nicolae_ru_great_annihilating_truth,
          nicolae_concentric_dashed_squares_wild, uniq_maggie
D:7:      layout_cave_pools, elyvilon_altar_5, kennysheep_mini_moat,
          mainiacjoe_overflow_alcove_2, minmay_the_grid_2x2
          [minmay_the_grid_box_x, minmay_the_grid_dragon_a,
          minmay_the_grid_eight, minmay_the_grid_prize_shrinking_boxes],
          uniq_crazy_yiuf_cottage
D:8:      kennysheep_windowed_halls, layout_basic, grunt_ministairs_3,
          minmay_shattered_shrine
D:9:      layout_cave_pools, mainiacjoe_overflow_paths, hellmonk_lair_entry_icy
D:10:     layout_roguey [special_room_bee], mainiacjoe_overflow_six_doors_small
D:11:     layout_loops_ring, portal_ice_cave_rime, uniq_erica
D:12:     layout_irregular_city, orc_david_3, serial_column_ruins,
          column_ruins_open_tiny, column_ruins_columns_corner,
          column_ruins_grid_1, column_ruins_open_tiny,
          column_ruins_columns_water, column_ruins_grid_3,
          hangedman_decor_opposing, nicolae_figureground_pulse, uniq_nessos,
          uniq_maurice
D:13:     minmay_five_octagons, layout_basic, hellmonk_ghost_happy_afterlife
D:14:     layout_stronghold, erik_vaults_1, hangedman_decor_slide_cut,
          feat_on_display, uniq_azrael
D:15:     grunt_enter_depths_magical_seal, layout_rooms, gammafunk_ghost_crypt,
          grunt_gozag_statues, uniq_agnes
Temple:   oiseaux_autumnal_temple
Lair:1:   layout_small_grid
Lair:2:   layout_layer_cave, dummy_spider_entry
Lair:3:   dreamdust_labyrinth, layout_hall_layers, minmay_swamp_entry_worms
Lair:4:   layout_regular_city, grunt_megastairs_5, serial_bayou_shore_a,
          uniq_sonja
Lair:5:   guppyfry_lair_end_dragon, layout_gridlike,
          hangedman_lair_tendril_chambers, minmay_slime_entry_pillars
Swamp:1:  layout_falls_marsh, evilmike_swamp_ruin_house_5,
          nicolae_swamp_super_fun_site
Swamp:2:  layout_falls_marsh, gammafunk_ghost_mausoleum,
          nicolae_swamp_some_circles, infiniplex_staircase_pool_2, uniq_nikola
Swamp:3:  layout_falls_marsh, nicolae_swamp_dense_foliage, swamp_pool1,
          infiniplex_staircase_pool
Swamp:4:  swamp_fiery, layout_basic_swamp, grunt_ruined_hall, uniq_mara,
          uniq_aizul
Spider:1: layout_spider_delve, drop_trap
Spider:2: layout_spider_delve, drop_trap, uniq_louise
Spider:3: layout_spider_delve, special_room, uniq_arachne
Spider:4: johnstein_spider_rune_arachne_lair, uniq_bai_suzhen, uniq_asterion,
          uniq_kirke, uniq_roxanne
Orc:1:    emtedronai_trogs_sanctum, layout_diamond_mine
Orc:2:    kennysheep_orc_mage_school, layout_diamond_mine, guppyfry_library_mini
Vaults:1: gammafunk_ghost_arena, nicolae_vaults_what_the_h,
          nicolae_vaults_network_barrier, hangedman_vaults_corner,
          grunt_vaults_funnel, special_room_vaults [special_room_orc],
          v_alt_pattern_4, v_pattern_1, grunt_vaults_swirl,
          nicolae_vaults_little_squares_3, layout_vaults_omnigrid
Vaults:2: vaults_mumra_chevron, vaults_room_stairs_pillars,
          vaults_room_hangedman_quadrants, hangedman_vaults_stitches, v_misc_22,
          v_alt_pattern_6, v_misc_24, nicolae_vaults_stairing_the_circle,
          v_rooms_3, nicolae_vaults_specimen_jars, nicolae_vaults_theta,
          layout_vaults_ring
Vaults:3: minmay_crypt_entry_necro_gods, vaults_standard_mumra_x,
          ontoclasm_vaults_ring_large, vaults_room_door_ring, v_misc_9,
          vaults_room_stairs_pillars, v_pattern_2,
          nicolae_vaults_yaktaur_gun_rack, ontoclasm_vaults_eye,
          hangedman_vaults_pinch, vaults_room_stairs_pillars, v_alt_pattern_1,
          layout_vaults_big_room
Vaults:4: mu_enter_wizlab_6, v_misc_9, ontoclasm_vaults_tryst,
          nicolae_vaults_back_hallway, v_alt_pattern_1, ontoclasm_vaults_pinch,
          v_alt_pattern_2, v_pattern_3, nicolae_vaults_rhombus_7,
          vaults_room_hallway, nicolae_vaults_network_square,
          grunt_vaults_hallway_long, layout_vaults_omnicross, uniq_frederick
Depths:1: layout_basic, hangedman_geh_valley, corexii_hall_statues_s,
          nicolae_sif_muna_condensation, hangedman_decor_cross_pass,
          minmay_shoptagon
Depths:2: hangedman_box_tower, layout_cave_shapes, enter_ziggurat_b, hell_entry,
          kennysheep_big_empty_room, rand_demon_pan_entry_3, minivault_16,
          uniq_grunn

Skill      XL: |  1  2  3  4  5  6  7  8  9 10 11 12 13 14 15 16 17 18 19 20 21 22 |
---------------+-------------------------------------------------------------------+-----
Invocations    | 1 2 3 4 5 6 7 8 9 10 11 12 13 14 15 16 | 16.8
Short Blades   | 1 2 3 5 6 7 8 9 10 11 12 13 14 15 | 15.5
Long Blades    | 1 2 3 5 6 7 8 9 10 11 12 13 14 15 | 15.5
Axes           | 1 2 3 5 6 7 8 9 10 11 12 13 14 15 | 15.5
Maces & Flails | 1 2 3 5 6 7 8 9 10 11 12 13 14 15 | 15.5
Polearms       | 1 2 3 5 6 7 8 9 10 11 12 13 14 15 | 15.5
Staves         | 1 2 3 5 6 7 8 9 10 11 12 13 14 15 | 15.5
Throwing       | 1 2 3 5 6 7 8 9 10 11 12 13 14 15 | 15.5
Armour         | 1 2 3 5 6 7 8 9 10 11 12 13 14 15 | 15.5
Shields        | 1 2 3 5 6 7 8 9 10 11 12 13 15 16 | 16.8
Unarmed Combat | 1 2 3 5 6 7 8 9 10 11 12 13 14 15 | 15.5
Spellcasting   | 1 2 3 5 6 7 8 9 10 11 12 13 14 15 | 15.5
Evocations     | 1 2 3 5 6 7 8 9 10 11 12 13 14 15 | 15.5
Conjurations   | 1 2 3 4 5 6 7 8 9 10 11 12 13 | 13.1
Hexes          | 1 2 3 4 5 6 7 8 9 10 11 12 13 | 13.1
Summonings     | 1 2 3 4 5 6 7 8 9 10 11 12 13 | 13.1
Necromancy     | 1 2 3 4 5 6 7 8 9 10 11 12 13 | 13.1
Translocations | 1 2 3 4 5 6 7 8 9 10 11 12 13 | 13.1
Transmutations | 1 2 3 4 5 6 7 8 9 10 11 12 13 | 13.1
Fire Magic     | 1 2 3 4 5 6 7 8 9 10 11 12 13 | 13.1
Ice Magic      | 1 2 3 4 5 6 7 8 9 11 12 13 14 15 16 | 16.4
Air Magic      | 1 2 3 4 5 6 7 8 9 10 11 12 13 | 13.1
Earth Magic    | 1 2 3 4 5 6 7 8 9 10 11 12 13 | 13.1
Poison Magic   | 1 2 3 4 5 6 7 8 9 10 11 12 13 | 13.1
Fighting       | 5 6 7 8 9 10 11 12 13 14 15 16 | 16.1
Dodging        | 5 6 7 8 9 10 11 12 13 14 15 16 | 16.1
Stealth        | 3 4 5 6 7 8 9 10 11 12 13 14 15 | 15.6
Ranged Weapons | 9 10 11 12 13 14 15 16 17 | 17.4

Action                   |  1- 3 |  4- 6 |  7- 9 | 10-12 | 13-15 | 16-18 | 19-21 | 22-24 || total
-------------------------+-------+-------+-------+-------+-------+-------+-------+-------++-------
Melee: Shortbow          |       |       |     8 |       |       |       |       |       ||     8
       Bite              |       |       |     2 |       |     1 |       |       |       ||     3
       Staff             |       |       |       |       |     5 |       |       |       ||     5
 Fire: Shortbow          |    74 |   139 |   190 |   207 |   418 |   819 |   675 |       ||  2522
       Arbalest          |       |       |       |       |    24 |       |       |       ||    24
       Longbow           |       |       |       |       |   196 |       |       |       ||   196
       Triple crossbow   |       |       |       |       |       |       |   123 |    60 ||   183
 Cast: Stone Arrow       |       |       |    17 |   151 |    63 |    84 |    92 |       ||   407
       Borgnjor's Vile C |       |       |       |    48 |   163 |   203 |   202 |    24 ||   640
       Summon Mana Viper |       |       |       |    33 |    83 |    44 |    15 |       ||   175
       Freezing Cloud    |       |       |       |     2 |    33 |    41 |    58 |     3 ||   137
       Lee's Rapid Decon |       |       |       |       |     9 |    11 |     2 |     2 ||    24
       Statue Form       |       |       |       |       |     1 |     5 |    41 |     8 ||    55
       Summon Lightning  |       |       |       |       |    27 |    86 |    44 |     1 ||   158
       Dispel Undead     |       |       |       |       |       |     5 |       |       ||     5
       Malign Gateway    |       |       |       |       |       |       |     2 |     4 ||     6
Invok: Brand Weapon With |       |       |       |       |       |     1 |       |       ||     1
       Torment           |       |       |       |       |       |       |     6 |     2 ||     8
Evoke: Wand              |       |     4 |    19 |     8 |    18 |     7 |     4 |     1 ||    61
       Condenser vane    |       |       |       |       |     1 |     2 |     3 |     1 ||     7
       Phantom mirror    |       |       |       |       |       |       |     1 |       ||     1
  Use: Potion            |       |     4 |     3 |       |     4 |     5 |    10 |     2 ||    28
       Scroll            |       |     9 |     4 |     3 |     7 |     5 |    15 |     2 ||    45
Armor: Leather armour    |     6 |    12 |    27 |    23 |    78 |   138 |    15 |     4 ||   303
       Skin              |       |       |       |       |     4 |    32 |   140 |    66 ||   242
Dodge: Dodged            |    11 |    52 |    57 |   115 |   301 |   508 |   731 |   152 ||  1927

Table legend: (Time is in decaauts)
 A = Elapsed time spent in this place.
 B = Non-inter-level travel time spent in this place.
 C = Inter-level travel time spent in this place.
 D = Time resting spent in this place.
 E = Time spent auto-exploring this place.
 F = Levels seen in this place.
 G = Mean time per level.
                   A        B        C        D        E       F      G
               +--------+--------+--------+--------+--------+-----+--------+
         Total |  61942 |  58596 |   3346 |  15991 |  33889 |  39 | 1588.3 |
       Dungeon |  19600 |  18394 |   1206 |   4763 |  11039 |  15 | 1306.7 |
        Temple |     95 |     52 |     43 |      0 |     45 |   1 |   95.0 |
          Lair |  12312 |  11496 |    816 |   4190 |   5936 |   5 | 2462.4 |
         Swamp |   5998 |   5635 |    363 |   2036 |   2856 |   4 | 1499.5 |
   Spider Nest |   8197 |   7693 |    504 |   2311 |   4127 |   4 | 2049.2 |
  Orcish Mines |   1703 |   1648 |     55 |     58 |   1322 |   2 |  851.5 |
        Vaults |   8392 |   8086 |    306 |   1124 |   5777 |   4 | 2098.0 |
        Depths |   3673 |   3622 |     51 |    769 |   2104 |   2 | 1836.5 |
         Abyss |    530 |    530 |      0 |      0 |    328 |   1 |  530.0 |
      Ice Cave |   1437 |   1437 |      0 |    736 |    353 |   1 | 1437.0 |
               +--------+--------+--------+--------+--------+-----+--------+

Top non-repeatable levels by time:
  Lair:5: 3240 daAuts
Spider:4: 3090 daAuts
Vaults:4: 2816 daAuts
Depths:2: 2647 daAuts
  Lair:2: 2536 daAuts
  Lair:4: 2489 daAuts
Spider:3: 2447 daAuts
     D:8: 2388 daAuts
  Lair:3: 2177 daAuts
Vaults:1: 2023 daAuts
     D:9: 2013 daAuts
    D:13: 1954 daAuts
  Lair:1: 1867 daAuts
Vaults:2: 1790 daAuts
Vaults:3: 1762 daAuts
